 Dungeon Crawl Stone Soup version 0.31.0-11-ge490571c62 (webtiles) character file.

Game seed: 2733861673230024329

7373 Ijustatesigmund the Basher (level 11, 0/109 HPs)
             Began as a Gargoyle Fighter on Feb 7, 2024.
             Was a Believer of Vehumet.
             Slain by an elephant simulacrum (13 damage)
             ... in an ice cave.
             The game lasted 00:17:54 (9684 turns).

Ijustatesigmund the Basher (Gargoyle Fighter)       Turns: 9684, Time: 00:17:55

Health: 0/109      AC: 25    Str: 20    XL:     11   Next: 14%
Magic:  20/20      EV:  2    Int: 13    God:    Vehumet [**....]
Gold:   597        SH:  9    Dex:  9    Spells: 10/10 levels left

rFire   + . .        a - +1 morningstar
rCold   + . .        c - +0 buckler
rNeg    + . .        b - melded +1 steam dragon scales
rPois   ∞            g - melded +1 helmet
rElec   +            j - melded +2 cloak
rCorr   +            (gloves currently unavailable)
SInv    .            (boots currently unavailable)
Will    .....        k - amulet of reflection
Stlth   +            s - ring of magical power
HPRegen 0.38/turn    (no ring)
MPRegen 0.17/turn

%: reflection
@: mighty, tree-form, resistant, marked, hasted, invisible, very quick
A: stationary, stasis, torment immunity, boosted hp, sickness immunity, AC +8,
negative energy resistance 1, (electricity resistance), torment resistance 1,
petrification resistance
a: Renounce Religion


You were in an ice cave.
You worshipped Vehumet.
Vehumet was pleased with you.
You were a tree.
You visited 2 branches of the dungeon, and saw 12 of its levels.
You also visited: Ice Cave.

You collected 597 gold pieces.

Inventory:

Hand Weapons
 a - a +1 morningstar (weapon)
Armour
 b - +1 steam dragon scales (melded)
 c - a +0 buckler (worn)
 g - a +1 helmet (melded)
 j - a +2 cloak (melded)
Jewellery
 k - an amulet of reflection (around neck)
 s - a ring of magical power (left branch)
Wands
 h - a wand of roots (19)
 x - a wand of flame (27)
 D - a wand of acid (2)
Scrolls
 q - a scroll of noise
 B - a scroll of enchant armour
Potions
 n - a potion of haste
 o - 3 potions of brilliance
 p - 2 potions of magic
 u - a potion of enlightenment
 v - a potion of attraction
 z - a potion of invisibility


   Skills:
 + Level 10.6 Fighting
 + Level 10.7 Maces & Flails
 - Level 6.6 Armour
 - Level 3.0 Dodging
 - Level 3.2 Shields
 + Level 6.2 Evocations


You had 10 spell levels left.
You didn't know any spells.
Your spell library contained the following spells:

 Spells                   Type           Power      Damage    Failure   Level
 Searing Ray              Conj           0%         2d4       50%         2
 Apportation              Tloc           0%         N/A       36%         1
 Necrotise                Necr           0%         1d4       36%         1
 Sting                    Conj/Alch      0%         1d3       36%         1
 Summon Small Mammal      Summ           0%         N/A       36%         1
 Call Imp                 Summ           0%         N/A       50%         2
 Jinxbite                 Hex            0%         N/A       50%         2
 Inner Flame              Hex/Fire       0%         N/A       75%         3
 Alistair's Intoxication  Alch           0%         N/A       100%        5
 Irradiate                Conj/Alch      0%         3d11      100%        5
 Summon Hydra             Summ           0%         N/A       100%        7
 Ignition                 Fire           0%         3d3       100%        8
 Sublimation of Blood     Necr           Unusable   N/A       N/A         2

Dungeon Overview and Level Annotations

Branches:
Dungeon (11/15)            Temple (1/1) D:5            Lair (0/5) D:8
    Orc (0/2) D:11          IceCv (1/1)

Altars:
Ashenzari
Cheibriados
Dithmenos
Elyvilon
Fedhas
Gozag
Hepliaklqana
Kikubaaqudgha
Makhleb
Nemelex Xobeh
Okawaru
Qazlal
Ru
Sif Muna
Trog
Uskayaw
Vehumet
Wu Jian
Xom
Yredelemnul
Zin
The Shining One

Portals:
Trove: D:10 (give 7 potions of haste)

Annotations:
D:3 3 runed translucent doors, raetorn's ghost, amateur TrSh
D:9 1 runed translucent door, paps's ghost, novice TrSh


Innate Abilities, Weirdness & Mutations

You are a tree.
Your roots penetrate the ground, keeping you stationary.
You cannot be teleported.
You are immune to unholy pain and torment.
Your maximum health is greatly increased.
Your equipment is partially melded.
You are immune to sickness and miasma.
((Your stone body is resilient. (AC +8)))
You are immune to poison.
You resist negative energy. (rN+)
((You are resistant to electric shocks. (rElec)))
You are resistant to unholy torment.
You are immune to petrification.


Message History

The grasping roots constrict the cane toad simulacrum. x2
The cane toad simulacrum struggles to escape constriction. x2
You feel better.
The grasping roots constrict the cane toad simulacrum! x2
The roots release their grip on the cane toad simulacrum.
The cane toad simulacrum escapes!
You catch the helpless cane toad simulacrum completely off-guard!
You hit the cane toad simulacrum but do no damage.
The cane toad simulacrum is severely damaged.
Okay, then.
You feel very mighty all of a sudden.
The cane toad simulacrum hits you but does no damage.
The cane toad simulacrum hits you!
* * * LOW HITPOINT WARNING * * *
The cane toad simulacrum freezes you! You resist.
* * * LOW HITPOINT WARNING * * *
You sock the cane toad simulacrum!
The cane toad simulacrum vaporises!
Vehumet accepts your kill.
You block the cane toad simulacrum's attack.
You turn into a tree.
Your +2 cloak melds into your body.
Your +1 helmet melds into your body.
Your +1 steam dragon scales melds into your body.
Your roots penetrate the ground.
The cane toad simulacrum hits you but does no damage.
You thump the elephant simulacrum!
The elephant simulacrum is heavily damaged.
The elephant simulacrum tramples you but does no damage.
The elephant simulacrum trunk-slaps you but does no damage.
You barely miss the cane toad simulacrum.
The cane toad simulacrum is heavily damaged.
The cane toad simulacrum hits you but does no damage.
The polar bear simulacrum bites you but does no damage.
The polar bear simulacrum claws you but does no damage.
You block the polar bear simulacrum's attack.
You block the elephant simulacrum's attack.
The elephant simulacrum trunk-slaps you.
* * * LOW HITPOINT WARNING * * *
The elephant simulacrum freezes you! You resist.
You die...

#### ##§.##
##.§§§###
#.§§§§..##..
#§Z§§§§.Z...
#♣Z§§§§....#
##Z§..##Z.##
##§.## ##
####


You could see an elephant simulacrum (unable to see you), a cane toad simulacrum
(unable to see you) and a polar bear simulacrum (unable to see you).

Vanquished Creatures
  A two-headed ogre (D:8)
  An unseen horror (D:11)
  2 komodo dragons (D:8)
  2 trolls
  A hornet (D:9)
  A shadow (D:9)
  3 wraiths
  4 wyverns
  A basilisk (D:8)
  3 steam dragons
  Duvessa (D:6)
  4 water moccasins
  2 sky beasts (D:7)
  4 orc warriors
  A black bear (D:4)
  5 ogres
  4 centaurs
  A phantom (D:8)
  2 kobold brigands (D:8)
  2 bullfrogs
  3 scorpions
  A cane toad simulacrum (IceCv)
  5 wights
  Dowan (D:6)
  3 howler monkeys
  5 hounds
  2 jellies
  4 orc priests
  Crazy Yiuf (D:7)
  A sleepcap (D:7)
  2 iguanas
  7 orc wizards
  7 adders
  2 shadow imps
  A white imp (D:6)
  2 ufetubi (D:7)
  5 dart slugs
  A ribbon worm (D:5)
  18 orcs
  4 endoplasms (D:1)
  4 giant cockroaches
  4 goblins
  3 hobgoblins
  4 jackals (D:4)
  7 quokkas
  7 ball pythons
  5 bats
  A frilled lizard (D:3)
  11 kobolds
  5 rats
171 creatures vanquished.

Vanquished Creatures (others)
  An orc wizard (D:8)
  An orc (D:8)
2 creatures vanquished.

Grand Total: 173 creatures vanquished

Notes
Turn   | Place    | Note
-------+----------+-------------------------------------------
     0 | D:1      | Ijustatesigmund the Gargoyle Fighter began the quest for
                  | the Orb.
     0 | D:1      | Reached XP level 1. HP: 14/14 MP: 1/1
   162 | D:1      | Reached XP level 2. HP: 15/19 MP: 2/2
   674 | D:2      | Reached XP level 3. HP: 22/24 MP: 3/3
   855 | D:2      | Identified the amulet of Tumnuwiom {Faith rElec}
  1002 | D:2      | Found a faded altar of an unknown god.
  1415 | D:3      | Reached XP level 4. HP: 25/29 MP: 4/4
  1806 | D:3      | Found a runed translucent gate.
  1806 | D:3      | Found a runed translucent gate.
  1806 | D:3      | Found a runed translucent gate.
  1830 | D:3      | Noticed a kobold brigand
  1831 | D:3      | Noticed raetorn's ghost (amateur TrSh)
  1951 | D:4      | Noticed a black bear
  1955 | D:4      | Noticed an ogre
  1970 | D:4      | Killed a black bear
  1971 | D:4      | Reached XP level 5. HP: 34/34 MP: 5/5
  1980 | D:4      | Reached XP level 6. HP: 39/39 MP: 6/6
  1994 | D:4      | Reached skill level 5 in Maces & Flails
  2131 | D:4      | Reached skill level 5 in Fighting
  2131 | D:4      | Reached skill level 5 in Armour
  2136 | D:4      | Identified the +0 leather armour of the Dice {rC+ rCorr
                  | Dex+3}
  2270 | D:4      | Found a shimmering altar of Xom.
  2273 | D:4      | Found a glowing silver altar of Zin.
  2349 | D:4      | Found a hide-covered altar of Uskayaw.
  2426 | D:5      | Entered Level 5 of the Dungeon
  2454 | D:5      | Reached XP level 7. HP: 44/44 MP: 7/7
  3011 | D:5      | Found a staircase to the Ecumenical Temple.
  3017 | Temple   | Entered the Ecumenical Temple
  3032 | Temple   | Became a worshipper of Vehumet
  3254 | D:5      | Found a burning altar of Makhleb.
  3422 | D:5      | Reached XP level 8. HP: 42/51 MP: 8/8
  3454 | D:6      | Noticed a wyvern
  3461 | D:5      | Killed a wyvern
  3698 | D:6      | Noticed Dowan
  3701 | D:6      | Noticed Duvessa
  3712 | D:6      | Killed Duvessa
  3743 | D:6      | Killed Dowan
  4043 | D:6      | Reached skill level 1 in Dodging
  4540 | D:6      | Reached XP level 9. HP: 55/57 MP: 9/9
  4679 | D:7      | You fall into a shaft and drop 1 floor!
  4897 | D:7      | Reached skill level 1 in Evocations
  4995 | D:8      | Reached * piety under Vehumet
  4995 | D:8      | Offered knowledge of Kiss of Death by Vehumet.
  5570 | D:7      | Found a runed translucent door.
  5571 | D:7      | Noticed Crazy Yiuf
  5578 | D:7      | Killed Crazy Yiuf
  5748 | D:8      | Noticed a komodo dragon
  6065 | D:8      | Reached XP level 10. HP: 36/65 MP: 10/10
  6431 | D:8      | Noticed a two-headed ogre
  6438 | D:8      | Killed a two-headed ogre
  6571 | D:8      | Found a sacrificial altar of Ru.
  6578 | D:8      | Found a hazy altar of Hepliaklqana.
  6582 | D:8      | Found a broken altar of Ashenzari.
  7367 | D:8      | Found a staircase to the Lair.
  7532 | D:9      | Reached skill level 10 in Maces & Flails
  7532 | D:9      | Reached skill level 5 in Evocations
  7556 | D:9      | Found a runed translucent door.
  8049 | D:9      | Noticed paps's ghost (novice TrSh)
  8317 | D:9      | Reached skill level 10 in Fighting
  8780 | D:10     | Entered Level 10 of the Dungeon
  8878 | D:10     | Reached ** piety under Vehumet
  8950 | D:10     | Reached XP level 11. HP: 70/73 MP: 11/11
  9003 | D:10     | Found a shimmering blue altar of Sif Muna.
  9029 | D:10     | Offered knowledge of Searing Ray by Vehumet.
  9320 | D:10     | Found a portal to a secret trove of treasure.
  9623 | D:11     | Noticed a sun demon
  9637 | D:11     | Found a staircase to the Orcish Mines.
  9637 | D:11     | Noticed a two-headed ogre
  9656 | D:11     | Noticed a cyclops
  9663 | D:11     | Found a frozen archway.
  9669 | IceCv    | Entered an ice cave
  9684 | IceCv    | Slain by an elephant simulacrum

Illustrated notes

Levels and vault maps discovered:
D:1:      zelgadis_glass_arrival_small, layout_rooms, corexii_leaking_fountain
D:2:      layout_loops_ring, ebering_ecumenical_altar_abandoned,
          kennysheep_generic_room_13
D:3:      layout_basic, gammafunk_ghost_nasty_kobolds
D:4:      layout_rooms, nicolae_overflow_hidden_temple
D:5:      layout_loops_ring, lightli_temple_of_fire,
          minmay_temple_entry_enclosed_plants
D:6:      layout_basic, minmay_statues_item, st_stairs_8, uniq_duvessa
D:7:      layout_gridville, uniq_crazy_yiuf_cottage
D:8:      layout_loops_ring, minmay_overflow_temple_star_quad, erik_lair_dragon
D:9:      layout_cave_pods, hellmonk_ghost_happy_afterlife
D:10:     layout_gridville, nicolae_sif_muna_condensation, enter_trove_3,
          minmay_misc_feat_tower
D:11:     layout_roguey, erik_orc_4, portal_ice_cave_rime
Temple:   eino_narrow_crystal_temple
IceCv:    ice_cave_small_necro

Skill      XL: |  1  2  3  4  5  6  7  8  9 10 11 |
---------------+----------------------------------+-----
Maces & Flails | 3 4 5 6 8 9 10 | 10.7
Fighting       | 4 5 7 8 10 | 10.6
Armour         | 4 5 6 |  6.6
Dodging        | 1 3 |  3.0
Evocations     | 3 5 6 |  6.2
Shields        | |  3.2

Action                     |  1- 3 |  4- 6 |  7- 9 | 10-12 || total
---------------------------+-------+-------+-------+-------++-------
  Melee: Flail             |   138 |   148 |   248 |       ||   534
         Morningstar       |       |       |    42 |   222 ||   264
  Evoke: Wand              |       |       |     6 |     3 ||     9
    Use: Scroll            |     2 |     2 |    10 |    15 ||    29
         Potion            |       |     2 |     4 |    12 ||    18
   Stab: Invisible         |       |       |       |     1 ||     1
 Armour: Chain mail        |   130 |   102 |   225 |       ||   457
         Skin              |       |    24 |       |    28 ||    52
         Steam dragon scal |       |       |    20 |   134 ||   154
  Dodge: Dodged            |    49 |    55 |    91 |    93 ||   288
  Block: Buckler           |    20 |    49 |   124 |   109 ||   302
         Reflection        |       |     1 |     6 |    12 ||    19
